Unix NetHack Version 3.7.0-89 Work-in-progress - last build Sep 24 2023 19:26:52 (48e034876007844a536bf88644040a71d2893410,branch:master). Game began 2023-09-27 16:09:04, ended 2023-10-08 16:38:42. horga, lawful male human Knight --------- |.......|#####` |........# -.......|## |.......|## -------.-## %###ee # @ "## # # #### # ---.----- # # |.......| -------------- ## #### |.......| |............. -----.--- # |.......| |............|# |.......| # |.......| |.............# #-.......| # |..`...>| ............<|####|.......| ###+.......| |.............# |.......| --------- -------------- --------- Horga the Gallant St:17 Dx:8 Co:12 In:8 Wi:14 Ch:18 Lawful Dlvl:4 $:76 HP:0(25) Pw:9(9) AC:3 Xp:2/35 T:1124 Burdened Latest messages: The saddled pony misses laycre's ghost. The saddled pony misses laycre's ghost. The saddled pony misses laycre's ghost. The saddled pony misses laycre's ghost. The saddled pony misses laycre's ghost. The saddled pony misses laycre's ghost. You miss the gecko. The saddled pony misses laycre's ghost. The saddled pony misses laycre's ghost. The gecko bites! You kill the gecko! The saddled pony misses laycre's ghost. The saddled pony misses laycre's ghost. You hear some noises in the distance. Something is written here in the dust. You read: "E ber? h". You stumble into a spider web! You disentangle yourself. You miss the floating eye. You are frozen by the floating eye's gaze! You hear someone cursing shoplifters. You hear the chime of a cash register. Laycre's ghost touches you! Laycre's ghost misses! Laycre's ghost touches you! Laycre's ghost touches you! Laycre's ghost touches you! Laycre's ghost touches you! Laycre's ghost touches you! Laycre's ghost misses! You hear some noises in the distance. Laycre's ghost touches you! Laycre's ghost touches you! Laycre's ghost touches you! Laycre's ghost touches you! Laycre's ghost touches you! Laycre's ghost touches you! Laycre's ghost touches you! Laycre's ghost touches you! Laycre's ghost touches you! Laycre's ghost touches you! Laycre's ghost touches you! Laycre's ghost touches you! Laycre's ghost touches you! Laycre's ghost touches you! Laycre's ghost touches you! Laycre's ghost touches you! Laycre's ghost touches you! You die... Do you want to see the dungeon overview? [ynq] (y) y Inventory: Coins $ - 76 gold pieces Weapons a - an uncursed +1 long sword (weapon in hand) b - an uncursed +1 lance (alternate weapon; not wielded) Armor d - an uncursed +0 helmet (being worn) f - an uncursed +0 pair of leather gloves (being worn) o - a cursed +0 pair of kicking boots e - an uncursed +0 small shield (being worn) p - a cursed +0 cloak of protection z - a cursed +0 robe c - an uncursed +1 ring mail (being worn) Comestibles g - 4 uncursed apples h - 11 uncursed carrots l - an uncursed cram ration j - 6 uncursed food rations q - a cursed sprig of wolfsbane m - a cursed tin of spinach i - an uncursed lichen corpse Scrolls r - 2 cursed scrolls of identify named bones k - an uncursed scroll of teleportation s - a cursed scroll of teleportation named bones Potions t - a cursed potion of paralysis u - 4 potions of unholy water Wands w - a cursed wand of slow monster (0:5) v - an uncursed wand of striking (0:3) Tools x - a cursed oil lamp Gems/Stones y - an uncursed obsidian stone A - a cursed worthless piece of green glass B - a cursed worthless piece of yellowish brown glass Horga the Knight's attributes: Background: You were a Gallant, a level 2 male human Knight. You were lawful, nominally on a mission for Lugh who was opposed by Brigit (neutral) and Manannan Mac Lir (chaotic). You were in the Dungeons of Doom, on level 4. You entered the dungeon 1124 turns ago. You had 35 experience points, 5 more were needed to attain level 3. Basics: You had 0 out of 25 hit points. You had all 9 energy points (spell power). Your armor class was 3. Your wallet contained 76 zorkmids. Autopickup was off. Final Characteristics: Your strength was 17 (limit:18/100). Your dexterity was 8 (limit:18). Your constitution was 12 (limit:18). Your intelligence was 8 (limit:18). Your wisdom was 14 (limit:18). Your charisma was 18 (limit:18). Final Status: You were not hungry. You were burdened; movement was slightly slowed. You were wielding a long sword. You had basic skill with long sword. Final Attributes: You were devoutly aligned. You could jump. You were warded. You are dead. Miscellaneous: You encountered 1 bones level. Total elapsed playing time was 33 minutes and 21 seconds. Major events: Turn 1: horga the lawful male human Knight entered the dungeon 420: entered the Gnomish Mines 1124: killed by the ghost of laycre, while frozen by a floating eye's gaze Vanquished creatures: a little dog a giant bat a werejackal an acid blob 2 cave spiders 3 geckos 2 foxes a goblin a grid bug a bat 4 lichens 4 newts 22 creatures vanquished. No species were genocided or became extinct. Voluntary challenges: You were an atheist. You read items or engraved 7 times. You engraved Elbereth 5 times. You never genocided any monsters. You never polymorphed an object. You never changed form. You used no wishes. Achievement: You entered the Gnomish Mines. The Dungeons of Doom: levels 1 to 5 Level 1: An altar. Level 2: Stairs down to The Gnomish Mines. Level 3: Some fountains. Level 4: <- You were here. Final resting place for you, killed by the ghost of laycre, while frozen by a floating eye's gaze, laycre-Pri-Hum-Mal-Cha, choked on a gnome corpse. Level 5: The Gnomish Mines: Level 3: Game over: ---------- / \ / REST \ / IN \ / PEACE \ / \ | horga | | 76 Au | | killed by the | | ghost of laycre | | | | | | 2023 | *| * * * | * _________)/\\_//(\/(/\)/\//\/|_)_______ Fare thee well horga the Knight... You died in The Dungeons of Doom on dungeon level 4 with 409 points, and 76 pieces of gold, after 1124 moves. You were level 2 with a maximum of 25 hit points when you died.